 Dungeon Crawl Stone Soup version 0.27-a0-1359-ga2a4dfd6fd (webtiles) character file.

Game seed: 16432455691961068025

441 ABBCCCDDDD the Covert (level 7, -22/43 HPs)
             Began as a Kobold Delver on June 28, 2021.
             Was a Believer of Okawaru.
             Annihilated by a shadow (29 damage)
             ... on level 5 of the Dungeon.
             The game lasted 00:09:25 (4462 turns).

ABBCCCDDDD the Covert (Kobold Delver)               Turns: 4462, Time: 00:09:25

Health: -22/43     AC: 10    Str: 13    XL:     7   Next: 22%
Magic:  8/8        EV: 15    Int: 14    God:    Okawaru [**....]
Gold:   230        SH:  0    Dex: 21    Spells: 1/8 levels left

rFire    . . .     SeeInvis .   y - +2 short sword (venom)
rCold    . . .     Faith    .   (shield restricted)
rNeg     . . .     Spirit   .   b - +0 leather armour
rPois    .         Reflect  .   w - +0 helmet
rElec    +         Harm     .   t - +0 cloak
rCorr    .         Rampage  .   (no gloves)
Will     .....                  x - +0 pair of boots
Stlth    ++++++....             (no amulet)
HPRegen  0.14/turn              l - ring of Jelag {rElec AC+4 Str-2 Dex+5}
MPRegen  0.11/turn              v - +6 ring of strength

@: no status effects
A: small, no large weapons, nightstalker 3
a: Renounce Religion, Heroism


You were on level 5 of the Dungeon.
You worshipped Okawaru.
Okawaru was pleased with you.
You visited 2 branches of the dungeon, and saw 6 of its levels.

You collected 230 gold pieces.

Inventory:

Hand Weapons
 a - a +0 short sword
 h - a +0 rapier
 y - a +2 short sword of venom (weapon)
Armour
 b - a +0 leather armour (worn)
 t - a +0 cloak (worn)
 w - a +0 helmet (worn)
 x - a +0 pair of boots (worn)
Jewellery
 l - the ring of Jelag (left hand) {rElec AC+4 Str-2 Dex+5}
   (You found it on level 4 of the Dungeon)

   [ring of protection]

   AC:        It affects your AC (+4).
   Str:       It affects your strength (-2).
   Dex:       It affects your dexterity (+5).
   rElec:     It insulates you from electricity.
 r - a ring of resist corrosion
 v - a +6 ring of strength (right hand)
Wands
 g - a wand of digging (2)
 A - a wand of iceblast (10)
Scrolls
 c - 2 scrolls of fog
 d - 2 scrolls of magic mapping
 e - a scroll of fear
 m - a scroll of enchant armour {unknown}
 o - 5 scrolls of identify {unknown}
 u - a scroll of enchant weapon {unknown}
 z - a scroll of torment {unknown}
 B - a scroll of teleportation {unknown}
Potions
 f - 5 potions of haste
 i - 5 potions of degeneration {unknown}
 j - a potion of attraction {unknown}
 k - a potion of flight {unknown}
 n - 2 potions of invisibility {unknown}
 p - a potion of berserk rage {unknown}
 q - a potion of mutation {unknown}
 s - a potion of lignification {unknown}


   Skills:
 - Level 4.0 Fighting
 + Level 4.2 Short Blades
 + Level 3.2 Dodging
 + Level 10.1 Stealth
 + Level 1.1 Spellcasting
 + Level 0.5 Translocations
 + Level 1.1 Ice Magic


You had one spell level left.
You knew the following spells:

 Your Spells              Type           Power      Damage    Failure   Level
a - Ozocubu's Armour      Ice            4%         N/A       52%         3
b - Blink                 Tloc           N/A        N/A       38%         2
c - Ensorcelled Hibernat  Hex/Ice        4%         N/A       36%         2

Your spell library contained the following spells:

 Spells                   Type           Power      Damage    Failure   Level
 Freeze                   Ice            16%        1d4       21%         1
 Apportation              Tloc           4%         N/A       26%         1
 Animate Skeleton         Necr           0%         N/A       32%         1
 Corona                   Hex            0%         N/A       32%         1
 Magic Dart               Conj           0%         1d3       32%         1
 Sandblast                Erth           0%         2d4       32%         1
 Summon Small Mammal      Summ           0%         N/A       32%         1
 Call Imp                 Summ           0%         N/A       45%         2
 Passwall                 Tmut/Erth      0%         N/A       45%         2
 Slow                     Hex            0%         N/A       45%         2
 Frozen Ramparts          Ice            8%         1d2       52%         3
 Confusing Touch          Hex            0%         N/A       69%         3
 Conjure Flame            Conj/Fire      0%         6-21      69%         3
 Dazzling Flash           Conj/Hex       0%         N/A       69%         3
 Mephitic Cloud           Conj/Pois/Air  0%         N/A       69%         3
 Stone Arrow              Conj/Erth      0%         3d7       69%         3
 Tukima's Dance           Hex            0%         N/A       69%         3
 Hailstorm                Conj/Ice       2%         3d3       95%         4
 Petrify                  Tmut/Erth      0%         N/A       97%         4
 Lee's Rapid Deconstruct  Erth           0%         3d5*      100%        5
 Metabolic Englaciation   Hex/Ice        1%         N/A       100%        5


Dungeon Overview and Level Annotations

Branches:
Dungeon (5/15)             Temple (1/1) D:4

Altars:
Ashenzari
Cheibriados
Dithmenos
Fedhas
Gozag
Makhleb
Nemelex Xobeh
Okawaru
Qazlal
Ru
Sif Muna
Trog
Uskayaw
Vehumet
Xom
Yredelemnul
Zin
The Shining One

Shops:
D:4 :   D:5 :


Innate Abilities, Weirdness & Mutations

You are small and have problems with some larger weapons.
You are completely attuned to the shadows.


Message History

The shadow is lightly damaged.
The shadow completely misses you.
You hit the shadow.
The shadow is moderately damaged.
The shadow closely misses you.
You hit the shadow.
The shadow is heavily damaged.
The shadow hits you.
You closely miss the shadow.
The shadow is heavily damaged.
The shadow hits you.
You hit the shadow but do no damage.
The shadow is heavily damaged.
The shadow misses you.
You hit the shadow.
The shadow is severely damaged.
The shadow hits you.
You hit the shadow but do no damage.
The shadow is severely damaged.
The shadow slips into darkness.
The shadow flickers and vanishes!
Deactivating autopickup; reactivate with Ctrl-A.
You hit something but do no damage. You barely miss something.
The shadow strikes at you from the darkness!
Ouch! That really hurt!
* * * LOW HITPOINT WARNING * * *
Reactivating autopickup.
You hit the shadow but do no damage.
The shadow is severely damaged.
The shadow slips into darkness.
The shadow flickers and vanishes!
Deactivating autopickup; reactivate with Ctrl-A.
Okay, then.
Casting: Ozocubu's Armour (quite dangerous; 52% risk of failure)
Confirm with . or Enter, or press ? or * to list all spells.
Okay, then.
The shadow strikes at you from the darkness!
Ouch! That really hurt!
You die...

####.########..####
# #..# #..## ##.###
#.## ##...# #..
#...## ## #.### #.#
#.# #@# # #.##.#
#.'..# ####.# #


There were no monsters in sight!

Vanquished Creatures
  A necrophage (D:4)
  A jelly (D:4)
  An orc priest (D:4)
  3 hounds
  Jessica (D:2)
  An iguana (D:4)
  3 gnolls (D:2)
  2 adders (D:2)
  A worm (D:3)
  3 dart slugs
  5 orcs (D:4)
  8 ball pythons
  7 endoplasms
  2 giant cockroaches
  13 goblins
  7 hobgoblins
  6 jackals
  7 kobolds
  5 quokkas
  8 bats
  A frilled lizard (D:1)
  6 rats (D:1)
92 creatures vanquished.

Notes
Turn   | Place    | Note
-------+----------+-------------------------------------------
     0 | D:5      | ABBCCCDDDD the Kobold Delver began the quest for the Orb.
     0 | D:5      | Reached XP level 1. HP: 14/14 MP: 1/1
    92 | D:4      | Found a staircase to the Ecumenical Temple.
    98 | Temple   | Entered the Ecumenical Temple
   241 | Temple   | Became a worshipper of Warmaster Okawaru
   387 | D:4      | Noticed a necrophage
   390 | D:4      | Killed a necrophage
   390 | D:4      | Reached * piety under Okawaru
   390 | D:4      | Reached ** piety under Okawaru
   391 | D:4      | Reached skill level 8 in Stealth
   391 | D:4      | Reached XP level 2. HP: 20/20 MP: 2/2
   391 | D:4      | Reached XP level 3. HP: 24/24 MP: 3/3
   391 | D:4      | Reached XP level 4. HP: 29/29 MP: 4/4
   400 | D:4      | Reached XP level 5. HP: 33/33 MP: 5/5
   439 | D:4      | Reached skill level 9 in Stealth
   504 | D:4      | Identified the ring of Jelag {rElec AC+4 Str-2 Dex+5}
   586 | D:4      | Reached XP level 6. HP: 38/38 MP: 6/6
  1237 | D:4      | Found Laasaunk's Book Boutique.
  1670 | D:3      | Learned a level 3 spell: Ozocubu's Armour
  2279 | D:2      | Noticed Jessica
  2283 | D:2      | Killed Jessica
  2396 | D:2      | Reached skill level 10 in Stealth
  3027 | D:1      | Learned a level 2 spell: Blink
  3159 | D:1      | Reached XP level 7. HP: 42/43 MP: 8/8
  3263 | D:1      | Learned a level 2 spell: Ensorcelled Hibernation
  3522 | D:2      | Reached skill level 1 in Ice Magic
  3662 | D:2      | Reached skill level 1 in Spellcasting
  4293 | D:5      | Found Fett's Self-Improvement Boutique.
  4448 | D:5      | Noticed a shadow
  4462 | D:5      | Annihilated by a shadow

Illustrated notes

Levels and vault maps discovered:
D:1:      arrival_aquarium_b, layout_rooms, serial_glass, glass_columns_a,
          glass_columns_a, due_unseen_surprise, minmay_strange_pillars,
          feat_on_display, feat_on_display
D:2:      layout_rooms, minmay_bisected, uniq_jessica
D:3:      layout_basic
D:4:      minmay_door_path, layout_basic, minmay_temple_entry_crystal_x,
          serial_shops, shop
D:5:      layout_rooms, chequers_temple_overflow_minitemple, skrybe_limestone_x,
          nicolae_shop_self_help
Temple:   regret_index_temple_mists

Skill      XL: |  1  2  3  4  5  6  7 |
---------------+----------------------+-----
Short Blades   | 3 4 |  4.2
Stealth        | 8 9 10 | 10.1
Fighting       | 4 |  4.0
Dodging        | 3 |  3.2
Ice Magic      | 1 |  1.1
Spellcasting   | 1 |  1.1
Translocations | |  0.5

Action                   |  1- 3 |  4- 6 |  7- 9 || total
-------------------------+-------+-------+-------++-------
Melee: Rapier            |     4 |   146 |    51 ||   201
       Short sword       |       |       |    23 ||    23
Evoke: Wand              |       |     1 |       ||     1
 Stab: Sleeping          |     3 |    42 |     9 ||    54
       Distracted        |       |       |     1 ||     1
Armor: Leather armour    |       |    45 |    19 ||    64
Dodge: Dodged            |       |   125 |    42 ||   167

Table legend: (Time is in decaauts)
 A = Elapsed time spent in this place.
 B = Non-inter-level travel time spent in this place.
 C = Inter-level travel time spent in this place.
 D = Time resting spent in this place.
 E = Time spent auto-exploring this place.
 F = Levels seen in this place.
 G = Mean time per level.
                   A        B        C        D        E       F      G
               +--------+--------+--------+--------+--------+-----+--------+
         Total |   4527 |   4255 |    272 |    429 |   3136 |   6 |  754.5 |
       Dungeon |   4245 |   4001 |    244 |    429 |   2891 |   5 |  849.0 |
        Temple |    281 |    253 |     28 |      0 |    245 |   1 |  281.0 |
               +--------+--------+--------+--------+--------+-----+--------+

Top non-repeatable levels by time:
     D:4: 1148 daAuts
     D:1: 1035 daAuts
     D:3: 992 daAuts
     D:2: 831 daAuts
  Temple: 281 daAuts
     D:5: 237 daAuts
